 Dungeon Crawl Stone Soup version 0.22.0-38-g04b72b8c25 (webtiles) character file.

67 AlolanVulpixel the Skirmisher (level 3, -1/34 HPs)
             Began as a Draconian Chaos Knight on Aug 30, 2018.
             Slain by an orc
             ... wielding a +0 club
              (5 damage)
             ... on level 3 of the Dungeon.
             The game lasted 00:05:17 (1539 turns).

AlolanVulpixel the Skirmisher (DrCK)                Turns: 1539, Time: 00:05:17

Health: -1/34      AC:  6    Str: 19    XL:     3   Next: 98%
Magic:  3/3        EV: 17    Int: 12    God:    Xom [......]
Gold:   142        SH:  0    Dex: 16    Spells: 2/2 levels left

rFire    . . .     SeeInvis .   a - +0 spear (chaos)
rCold    . . .     Gourm    .   k - +0 buckler
rNeg     + . .     Faith    .   (armour unavailable)
rPois    .         Spirit   .   (helmet restricted)
rElec    .         Reflect  .   g - +0 cloak
rCorr    .         Harm     .   (no gloves)
MR       +....                  (no boots)
Stlth    ++........             (no amulet)
HPRegen  0.11/turn              h - ring of positive energy
MPRegen  0.08/turn              j - ring of protection from magic (curse)

@: confused, mighty, agile
A: unfitting armour, cold-blooded, AC +5
a: Renounce Religion


You were on level 3 of the Dungeon.
You worshipped Xom.
You were a very special plaything of Xom.
You were not hungry.

You visited 1 branch of the dungeon, and saw 3 of its levels.

You collected 142 gold pieces.

Inventory:

Hand Weapons
 a - a +0 spear of chaos (weapon)
 n - a +1 hand axe of electrocution
 o - a +0 hunting sling
Missiles
 d - 18 stones (quivered)
 f - 32 sling bullets
 l - 10 arrows
Armour
 g - a +0 cloak (worn)
 k - a +0 buckler (worn)
Jewellery
 h - a ring of positive energy (left hand)
 j - a cursed ring of protection from magic (right hand)
Scrolls
 c - 2 scrolls of identify {unknown}
 e - a scroll of enchant armour {unknown}
 i - a scroll of remove curse {unknown}
Potions
 p - a potion of degeneration {unknown}
Comestibles
 b - 3 rations


   Skills:
 + Level 4.3 Fighting
 + Level 3.8 Polearms
 + Level 2.5 Dodging
 + Level 0.2 Stealth


You had 2 spell levels left.
You didn't know any spells.
Your spell library was empty.

Dungeon Overview and Level Annotations

Branches:
Dungeon (2/15)

Altars:


Innate Abilities, Weirdness & Mutations

Your plain brown scales are hard. (AC +5)
You cannot fit into any form of body armour.
You are cold-blooded and may be slowed by cold attacks.


Message History

The orc misses you.
The orc priest miscasts a cantrip.
The orc closely misses you.
Things that are here:
a whip; a leather armour "This is how I like it!"
You swap places with the orc priest.
The orc priest looks rather confused.
Some monsters swap places.
The orc priest barely misses the orc.
Things that are here:
a whip; a leather armour The orc barely misses you.
Found 3 gold pieces.
Found an escape hatch in the ceiling. "Heh heh heh..."
You are confused.
You're too confused to move!
The orc completely misses you.
You're too confused to move!
The orc closely misses you. The orc hits you with a club.
You die...
Xom snickers!

##### # #...+ .
####@# #.#..oo#
###.#.#..###### #
<..........$.....
.##.#.#.####..####
#......).......#
#..!..)#.#.###.#
###...o..#.# #.#
..........#.$ #.#
#.#


You could see an orc priest (confused) and 2 orcs.

Vanquished Creatures
  4 oozes (D:1)
  3 dart slugs
  2 leopard geckos
  2 orcs (D:3)
  3 bats (D:1)
  A giant cockroach (D:1)
  3 goblins (D:1)
  8 hobgoblins
  2 frilled lizards
  5 kobolds (D:1)
  7 rats
40 creatures vanquished.

Notes
Turn   | Place    | Note
-------+----------+-------------------------------------------
     0 | D:1      | AlolanVulpixel the Draconian Chaos Knight began the quest for the Orb.
     0 | D:1      | Reached XP level 1. HP: 19/19 MP: 1/1
    22 | D:1      | Reached XP level 2. HP: 27/27 MP: 2/2
   250 | D:1      | XOM: divination: detect creatures
   310 | D:1      | Reached skill level 4 in Fighting
   347 | D:1      | Reached XP level 3. HP: 33/33 MP: 3/3
   517 | D:1      | XOM: potion effect (might)
   517 | D:1      | XOM: smoke on damage
   550 | D:1      | XOM: harmless Hex miscast
  1072 | D:1      | XOM: silly message
  1194 | D:2      | XOM: noise
  1253 | D:2      | XOM: divination: magic mapping
  1258 | D:2      | XOM: silly message
  1380 | D:2      | You fall through a shaft!
  1521 | D:3      | XOM: potion effect (might)
  1529 | D:3      | XOM: swap monsters
  1534 | D:3      | XOM: confusion
  1539 | D:3      | Slain by an orc

Skill      XL: |  1  2 |
---------------+-------+-----
Fighting       | 4 |  4.3
Polearms       | |  3.8
Dodging        | |  2.5
Stealth        | |  0.2

Action                   || total
-------------------------++-------
Melee: Spear             ||   111
       Tailslap          ||    14
  Use: Potion            ||     1
 Stab: Paralysed         ||     1
       Sleeping          ||     2
  Eat: Ration            ||     1
Armor: Skin              ||    25
Dodge: Dodged            ||    49
Block: Buckler           ||     2
